 Dungeon Crawl Stone Soup version 0.28.0-49-g6dfe1f597d (webtiles) character file.

Game seed: 9219721277977477649

2213 Atelerd the Magician (level 9, -5/54 HPs)
             Began as an Octopode Earth Elementalist on May 14, 2022.
             Was a Follower of Sif Muna.
             Slain by a wight
             ... wielding a +0 war axe
              (12 damage)
             ... on level 6 of the Dungeon on May 15, 2022.
             The game lasted 00:09:26 (9276 turns).

Atelerd the Magician (Octopode Earth Elementalist)  Turns: 9276, Time: 00:09:27

Health: -5/54      AC:  1    Str:  7    XL:     9   Next: 35%
Magic:  14/19      EV: 13    Int: 21    God:    Sif Muna [*.....]
Gold:   400        SH:  5    Dex: 13    Spells: 17/22 levels left

rFire   . . .      SeeInvis .   h - +2 short sword (venom)
rCold   . . .      Faith    .   (no shield)
rNeg    . . .      Spirit   .   (helmet restricted)
rPois   .          Reflect  +   e - amulet of reflection
rElec   .          Harm     .   t - ring of resist corrosion
rCorr   +          Rampage  .   (no ring)
Will    .....                   (no ring)
Stlth   ++++......              (no ring)
HPRegen 0.18/turn               (no ring)
MPRegen 0.16/turn               (no ring)
                                (no ring)
                                (no ring)

@: no status effects
A: almost no armour, amphibious, 8 rings, camouflage 1, gelatinous body 1,
(nimble swimmer 1), tentacles
a: Renounce Religion, Channel Magic


You were on level 6 of the Dungeon.
You worshipped Sif Muna.
Sif Muna was aware of your devotion.
You visited 2 branches of the dungeon, and saw 8 of its levels.

You collected 400 gold pieces.

Inventory:

Hand Weapons
 a - a +0 dagger
 h - a +2 short sword of venom (weapon)
Missiles
 b - 98 stones
Jewellery
 c - a ring of fire
 e - an amulet of reflection (around mantle)
 t - a ring of resist corrosion (left tentacle)
 B - a ring of fire
Wands
 k - a wand of flame (20)
 A - a wand of digging (14)
Scrolls
 g - a scroll of summoning {unknown}
 i - 2 scrolls of immolation {unknown}
 l - 2 scrolls of identify {unknown}
 m - 2 scrolls of enchant armour
 o - 3 scrolls of teleportation
 q - a scroll of amnesia {unknown}
 r - a scroll of magic mapping {unknown}
 s - 2 scrolls of fog {unknown}
 u - a scroll of fear {unknown}
 y - a scroll of noise {unknown}
 z - 2 scrolls of vulnerability
 C - a scroll of enchant weapon {unknown}
 D - a scroll of holy word {unknown}
Potions
 d - a potion of heal wounds {unknown}
 f - a potion of brilliance {unknown}
 j - 2 potions of berserk rage {unknown}
 n - a potion of curing
 p - a potion of invisibility {unknown}
 v - a potion of haste {unknown}
 w - 2 potions of attraction {unknown}
 x - a potion of resistance {unknown}
 E - a potion of lignification {unknown}


   Skills:
 - Level 2.0 Fighting
 - Level 2.0 Short Blades
 - Level 2.0 Dodging
 - Level 7.0 Stealth
 * Level 7.2 Spellcasting
 * Level 6.4 Transmutations
 - Level 5.0 Earth Magic


You had 17 spell levels left.
You knew the following spells:

 Your Spells              Type           Power      Damage    Failure   Level
a - Sandblast             Erth           56%        2d13      1%          1
p - Petrify               Tmut/Erth      31%        N/A       9%          4

Your spell library contained the following spells:

 Spells                   Type           Power      Damage    Failure   Level
 Passwall                 Tmut/Erth      25%        N/A       1%          2
 Stone Arrow              Conj/Erth      36%        3d9       9%          3
 Ignite Poison            Fire/Tmut/Pois 16%        N/A       11%         3
 Conjure Flame            Conj/Fire      7%         6-21      26%         3
 Inner Flame              Hex/Fire       7%         N/A       26%         3
 Cause Fear               Hex            3%         N/A       65%         4
 Sticky Flame             Conj/Fire      7%         2d3       65%         4
 Discord                  Hex            3%         N/A       100%        8


Dungeon Overview and Level Annotations

Branches:
Dungeon (7/15)             Temple (1/1) D:6

Altars:
Ashenzari
Dithmenos
Elyvilon
Fedhas
Kikubaaqudgha
Makhleb
Nemelex Xobeh
Qazlal
Sif Muna
Trog
Uskayaw
Wu Jian
Xom
Yredelemnul
Zin
The Shining One

Annotations:
D:3 exclusion: downstairs
D:7 2 transporters


Innate Abilities, Weirdness & Mutations

You cannot wear most types of armour.
You are amphibious.
You can wear up to eight rings at the same time.
Your skin changes colour to match your surroundings (Stealth+).
Your rubbery body absorbs attacks. (AC +1, EV +1)
((You are camouflaged when in or above water. (Stealth+)))
You have tentacles for arms and can constrict up to eight enemies at once.


Message History

Aim: a wight, wielding a +0 war axe and wearing a +0 robe (81% to hit)
The blast of sand misses the wight.
The wight hits you with a +0 war axe!
* * * LOW HITPOINT WARNING * * *
Casting: Sandblast (safe; 1% risk of failure)
Confirm with . or Enter, or press ? or * to list all spells.
Aiming: Sandblast (safe; 1% risk of failure)
Press: ? - help, Shift-Dir - straight line, f/p - wight
Aim: a wight, wielding a +0 war axe and wearing a +0 robe (81% to hit)
The blast of sand hits the wight!
The wight is severely damaged.
The wight barely misses you.
Unknown command.
Casting: Sandblast (safe; 1% risk of failure)
Confirm with . or Enter, or press ? or * to list all spells.
Aiming: Sandblast (safe; 1% risk of failure)
Press: ? - help, Shift-Dir - straight line, f/p - wight
Aim: a wight, wielding a +0 war axe and wearing a +0 robe (severely damaged, 81% to hit)
The blast of sand hits the wight but does no damage.
The wight is severely damaged.
The wight misses you.
Unknown command.
Casting: Sandblast (safe; 1% risk of failure)
Confirm with . or Enter, or press ? or * to list all spells.
Aiming: Sandblast (safe; 1% risk of failure)
Press: ? - help, Shift-Dir - straight line, f/p - wight
Aim: a wight, wielding a +0 war axe and wearing a +0 robe (severely damaged, 81% to hit)
The blast of sand hits the wight but does no damage.
The wight is severely damaged.
The wight hits you with a +0 war axe.
* * * LOW HITPOINT WARNING * * *
Unknown command.
Casting: Sandblast (safe; 1% risk of failure)
Confirm with . or Enter, or press ? or * to list all spells.
Aiming: Sandblast (safe; 1% risk of failure)
Press: ? - help, Shift-Dir - straight line, f/p - wight
Aim: a wight, wielding a +0 war axe and wearing a +0 robe (severely damaged, 81% to hit)
The blast of sand hits the wight but does no damage.
The wight is severely damaged.
The wight hits you with a +0 war axe!
You die...

.....###...##....#
...#.......)#..###
.....##..>..##...#
#.<...#........#.#
#.....##...###...#
##.....#.###....##
.......#.#....(##
...........#....###
........#......z@.#
.................##
.......##..###..##
.###...##.## #.##
..##.###### ###
.##### ..# ### #


You could see a wight.

Vanquished Creatures
  Sigmund (D:2)
  Duvessa (D:6)
  2 orc warriors
  A black bear (D:7)
  3 ogres
  2 sky beasts
  A necrophage (D:7)
  A phantom (D:6)
  2 scorpions
  2 bullfrogs
  Dowan (D:6)
  A water moccasin skeleton (D:6)
  A bullfrog zombie (D:7)
  2 hounds
  3 jellies
  A gnoll shaman (D:6)
  An orc priest (D:6)
  A centaur skeleton (D:6)
  5 orc wizards
  2 iguanas
  A killer bee zombie (D:6)
  Robin (D:2)
  7 adders
  7 gnolls
  A shadow imp (D:7)
  4 ufetubi
  An adder skeleton (D:4)
  A worm (D:3)
  2 dart slugs
  14 orcs
  7 bats
  5 endoplasms
  2 giant cockroaches
  15 goblins
  5 hobgoblins
  7 jackals
  5 quokkas
  2 ball pythons (D:1)
  4 frilled lizards
  A jackal skeleton (D:4)
  A kobold (D:4)
  A rat (D:3)
128 creatures vanquished.

Vanquished Creatures (others)
  An orc wizard (D:6)
  A fungus (D:2)
  A plant (D:2)
3 creatures vanquished.

Grand Total: 131 creatures vanquished

Notes
Turn   | Place    | Note
-------+----------+-------------------------------------------
     0 | D:1      | Atelerd the Octopode Earth Elementalist began the quest for
                  | the Orb.
     0 | D:1      | Reached XP level 1. HP: 11/11 MP: 3/3
   301 | D:1      | Reached XP level 2. HP: 17/17 MP: 3/5
  1732 | D:2      | Noticed Sigmund
  1742 | D:2      | Killed Sigmund
  1743 | D:2      | Reached XP level 3. HP: 5/21 MP: 2/8
  1743 | D:2      | Reached XP level 4. HP: 6/27 MP: 2/9
  1743 | D:2      | Reached XP level 5. HP: 7/31 MP: 2/10
  1748 | D:2      | Learned a level 4 spell: Petrify
  2037 | D:2      | Found a faded altar of an unknown god.
  2129 | D:2      | Noticed Robin
  2817 | D:2      | Killed Robin
  2818 | D:2      | Reached XP level 6. HP: 33/36 MP: 5/12
  3082 | D:3      | Reached skill level 5 in Earth Magic
  3222 | D:3      | Found a white marble altar of Elyvilon.
  3987 | D:4      | Found a broken altar of Ashenzari.
  4263 | D:4      | Reached skill level 1 in Short Blades
  5014 | D:4      | Reached skill level 1 in Fighting
  5014 | D:4      | Reached XP level 7. HP: 17/43 MP: 9/13
  5918 | D:5      | Entered Level 5 of the Dungeon
  6018 | D:5      | Reached skill level 5 in Spellcasting
  6552 | D:5      | Reached skill level 5 in Stealth
  6552 | D:5      | Reached XP level 8. HP: 50/50 MP: 15/15
  6683 | D:6      | Found a staircase to the Ecumenical Temple.
  6700 | Temple   | Entered the Ecumenical Temple
  6887 | Temple   | Became a worshipper of Sif Muna the Loreminder
  7217 | D:6      | Noticed Duvessa
  7217 | D:6      | Noticed Dowan
  7288 | D:7      | Found a transporter.
  7598 | D:7      | Found a transporter.
  7919 | D:7      | Reached skill level 5 in Transmutations
  8379 | D:6      | Reached XP level 9. HP: 49/54 MP: 7/18
  8498 | D:6      | Killed Duvessa
  8516 | D:6      | Killed Dowan
  9162 | D:7      | Reached * piety under Sif Muna
  9276 | D:6      | Slain by a wight

Illustrated notes

Levels and vault maps discovered:
D:1:      roderic_crop_circles_arrival_small, layout_basic
D:2:      layout_basic, shapermc_ecumenical_altar_acropolis, uniq_sigmund,
          uniq_robin
D:3:      layout_loops_corners, old_standard_altar
D:4:      layout_basic, marbit_many_paths
D:5:      wad_pebble_path, layout_basic
D:6:      layout_cave_pools, minmay_temple_entry_slanted,
          chequers_serial_rivers_room_a, uniq_duvessa
D:7:      gammafunk_steamed_eel, layout_rooms
Temple:   regret_index_temple_generic_petals

Skill      XL: |  1  2  3  4  5  6  7  8  9 |
---------------+----------------------------+-----
Spellcasting   | 3 4 5 6 7 |  7.2
Earth Magic    | 4 5 |  5.0
Stealth        | 3 5 6 7 |  7.0
Short Blades   | 1 2 |  2.0
Fighting       | 1 2 |  2.0
Transmutations | 2 3 5 6 |  6.4
Dodging        | |  2.0

Action                   |  1- 3 |  4- 6 |  7- 9 || total
-------------------------+-------+-------+-------++-------
Melee: Dagger            |    30 |     2 |       ||    32
       Constrict         |     5 |    15 |    14 ||    34
       Tentacles         |     3 |    11 |    22 ||    36
       Unarmed           |     1 |       |       ||     1
       Short sword       |       |    55 |    65 ||   120
       Punch             |       |       |     2 ||     2
 Cast: Sandblast         |    26 |    36 |   105 ||   167
       Petrify           |       |     2 |    18 ||    20
  Use: Scroll            |       |       |     3 ||     3
       Potion            |       |       |     2 ||     2
 Stab: Sleeping          |     2 |     6 |     4 ||    12
       Distracted        |       |     1 |       ||     1
       Petrified         |       |       |    20 ||    20
       Petrifying        |       |       |     1 ||     1
Armor: Skin              |    17 |     5 |     1 ||    23
Dodge: Dodged            |    40 |    27 |    44 ||   111
Block: Other             |       |     6 |    22 ||    28
       Reflection        |       |       |     2 ||     2
